 Dungeon Crawl Stone Soup version 0.29.0-4-gdea44cf6ec (webtiles) character file.

Game seed: 9760296105185334739

5 qw the Firebug (level 1, 0/15 HPs)
             Began as a Ghoul Fire Elementalist on Aug 29, 2022.
             Frozen to death by an endoplasm (2 damage)
             ... on level 2 of the Dungeon.
             The game lasted 00:00:19 (529 turns).

qw the Firebug (Ghoul Fire Elementalist)             Turns: 529, Time: 00:00:19

Health: 0/15       AC:  2    Str: 11    XL:     1   Next: 80%
Magic:  2/2        EV: 12    Int: 10    God:
Gold:   63         SH:  0    Dex:  9    Spells: 2/3 levels left

rFire   . . .      SeeInvis .     - Unarmed
rCold   + . .      Faith    .   (no shield)
rNeg    + + +      Spirit   .   a - +0 robe
rPois   inf        Reflect  .   (no helmet)
rElec   .          Harm     .   (no cloak)
rCorr   .          Rampage  .   (no gloves)
Will    .....                   (no boots)
Stlth   ++........              (no amulet)
HPRegen 0.00/turn               (no ring)
MPRegen 0.08/turn               (no ring)

@: inhibited regen
A: claws 1, cold resistance 1, negative energy resistance 3, inhibited
regeneration, torment resistance 2, devour on kill
a: no special abilities


You were on level 2 of the Dungeon.
You visited 1 branch of the dungeon, and saw 2 of its levels.

You collected 63 gold pieces.


Innate Abilities, Weirdness & Mutations

You are immune to poison.
You have sharp fingernails.
Your flesh is cold resistant. (rC+)
You are immune to negative energy. (rN+++)
You do not regenerate when monsters are visible.
You are immune to unholy pain and torment.
You thrive by killing the living.


   Skills:
 + Level 0.4 Fighting
 - Level 1.7 Dodging
 - Level 2.1 Stealth
 - Level 1.2 Unarmed Combat
 - Level 1.7 Spellcasting
 - Level 0.7 Conjurations
 - Level 2.4 Fire Magic


You had 2 spell levels left.
You knew the following spells:

 Your Spells              Type           Power      Damage    Failure   Level
a - Foxfire               Conj/Fire      16%        2x1d4     17%         1

Your spell library contained the following spells:

 Spells                   Type           Power      Damage    Failure   Level
 Scorch                   Fire           10%        2d5       19%         2
 Conjure Flame            Conj/Fire      4%         6-21      45%         3
 Inner Flame              Hex/Fire       3%         N/A       52%         3
 Flame Wave               Conj/Fire      4%         2d5       86%         4

Inventory:

Armour
 a - a +0 robe (worn)
 c - a +0 leather armour
Scrolls
 d - a scroll of identify {unknown}
Potions
 b - a potion of magic

Dungeon Overview and Level Annotations

Branches:
Dungeon (1/15)

Altars:


Message History

You scratch the endoplasm.
You kill the endoplasm!
You feel better.
You start resting.
HP restored.
Found a stone staircase leading down.
Enter note:
d - a scroll labelled BAS UGUCVY You open the large door.
A quokka, an endoplasm and a rat come into view.
Found a scroll labelled BAS UGUCVY.
The quokka bites you.
You scratch the quokka.
The quokka is heavily wounded.
The quokka bites you.
You barely miss the quokka.
The quokka is heavily wounded.
The quokka bites you.
You closely miss the quokka.
The quokka is heavily wounded.
The quokka misses you.
You closely miss the quokka.
The quokka is heavily wounded.
The endoplasm freezes you.
You are frozen.
You resist.
The quokka bites you but does no damage.
You miss the quokka.
The quokka is heavily wounded.
The quokka closely misses you.
The endoplasm hits you but does no damage.
You miss the quokka.
The quokka is heavily wounded.
The quokka barely misses you. The endoplasm freezes you.
You are frozen.
You resist. The quokka barely misses you.
You scratch the quokka.
You kill the quokka!
The endoplasm freezes you.
You are frozen.
You resist.
You die...

#.. #.# #.# #.#
##++# #.# r.... #.
#####.##### ......
#.#
#.>.......####...~~8
#..
#.###.###.##.J..~.?~
+.# #.###.#
#.#.@%..~..~ +.#
#.....# #....#..8~~.
#.## #....####....#
..... #..####
#............# ....
#......
#####............#
++# #..####
#.......######.....
##.## #.##...##
##..... #...#
#.##.#.# ##...##
###...### #.##.#.#
#+## #.......#


You could see an endoplasm and a rat (asleep).

Vanquished Creatures
  An endoplasm (D:2)
  A giant cockroach (D:1)
  2 hobgoblins
  A quokka (D:2)
5 creatures vanquished.

Notes
Turn   | Place    | Note
-------+----------+-------------------------------------------
     0 | D:1      | qw the Ghoul Fire Elementalist began the quest for the Orb.
     0 | D:1      | Reached XP level 1. HP: 14/14 MP: 2/2
     0 | D:1      | 0 ||| qw: Version: 0.1-a-90-g952f4b7
     0 | D:1      | 0 ||| qw: Game counter: 3914
     0 | D:1      | 0 ||| qw: Always use a shield: true
     0 | D:1      | 0 ||| qw: God list: Okawaru
     0 | D:1      | 0 ||| qw: Allow faded altars: false
     0 | D:1      | 0 ||| qw: Do Orc after D:15 true
     0 | D:1      | 0 ||| qw: Do second Lair branch before Depths: true
     0 | D:1      | 0 ||| qw: Lair rune preference: random
     0 | D:1      | 0 ||| qw: Plans: Normal
     0 | D:1      | 0 ||| PLANNING D:1-11
   271 | D:1      | You fall into a shaft and drop 1 floor!
   293 | D:2      | Reached skill level 1 in Unarmed Combat
   447 | D:2      | 447 ||| Stepping ~*~*~tactically~*~*~ (stealth).
   526 | D:2      | HP: 3/15 [frozen (2)]
   529 | D:2      | Frozen to death by an endoplasm

Levels and vault maps discovered:
D:1:      roderic_crossed_star, layout_basic, basic_ecumenical_altar,
          serial_forest, infiniplex_forest_end_2, infiniplex_forest_clump_small,
          infiniplex_forest_lined_room_2, infiniplex_forest_straight_3,
          infiniplex_forest_lined_3, infiniplex_forest_corner_2,
          infiniplex_forest_straight_1, infiniplex_forest_straight_4,
          minmay_heptomino_h4
D:2:      layout_loops_corners, dk_vineyard_3, kennysheep_generic_room_7

Skill      XL: |  1 |
---------------+----+-----
Unarmed Combat | 1 |  1.2
Fighting       | |  0.4
Dodging        | |  1.7
Stealth        | |  2.1
Spellcasting   | |  1.7
Conjurations   | |  0.7
Fire Magic     | |  2.4

Action                   || total
-------------------------++-------
Melee: Unarmed           ||    34
       Punch             ||     2
Armor: Robe              ||     4
Dodge: Dodged            ||    18

Table legend:
 A = Non-vault XP
 B = Vault XP
 C = Vault XP percentage of total XP
 D = Non-vault monster count
 E = Vault monster count
 F = Vault count percentage of total count
                 A         B        C        D         E       F
            +---------+---------+-------+---------+---------+-------
      Total |       8 |       2 |  20.0 |       4 |       1 |  20.0
            +---------+---------+-------+---------+---------+-------
        D:1 |       4 |       0 |   0.0 |       2 |       0 |   0.0
        D:2 |       4 |       2 |  33.3 |       2 |       1 |  33.3
            +---------+---------+-------+---------+---------+-------
